 Dungeon Crawl Stone Soup version 0.27-a0-1220-g54dba09ff7 (webtiles) character file.

Game seed: 15303014370914877290

906 Delamore the Spear-Bearer (level 8, 0/62 HPs)
             Began as a Formicid Fighter on June 7, 2021.
             Was a Believer of Ru.
             Shot with an arrow by a centaur (8 damage)
             ... on level 6 of the Dungeon.
             The game lasted 00:06:11 (5279 turns).

Delamore the Spear-Bearer (Formicid Fighter)        Turns: 5279, Time: 00:06:12

Health: 0/62       AC:  6    Str: 22    XL:     8   Next: 29%
Magic:  8/8        EV:  8    Int: 15    God:    Ru [**....]
Gold:   274        SH: 10    Dex: 10    Spells: 7/7 levels left

rFire    . . .     SeeInvis +   e - +4 halberd (venom)
rCold    . . .     Faith    .   c - +1 kite shield
rNeg     . . .     Spirit   .   b - +0 scale mail
rPois    .         Reflect  .   (helmet unavailable)
rElec    .         Harm     .   (no cloak)
rCorr    +         Rampage  .   (no gloves)
Will     .....                  (no boots)
Stlth    ..........             (no amulet)
HPRegen  0.20/turn              r - +6 ring of intelligence
MPRegen  0.11/turn              o - ring of resist corrosion

@: no status effects
A: permanent stasis, dig shafts and tunnels, antennae 3, hated by all, four
strong arms
a: Dig, Shaft Self, Renounce Religion


You were on level 6 of the Dungeon.
You worshipped Ru.
Ru was pleased with you.
You visited 1 branch of the dungeon, and saw 6 of its levels.

You collected 274 gold pieces.

Inventory:

Hand Weapons
 a - a +0 trident
 e - a +4 halberd of venom (weapon)
Missiles
 g - 28 poisoned darts
 i - 2 throwing nets
 u - 7 javelins (quivered)
Armour
 b - a +0 scale mail (worn)
 c - a +1 kite shield (worn)
Jewellery
 n - a ring of wizardry
 o - a ring of resist corrosion (right hand)
 r - a +6 ring of intelligence (left hand)
Wands
 l - a wand of polymorph (7)
 m - a wand of flame (37)
 t - a wand of iceblast (9)
Scrolls
 s - 2 scrolls of magic mapping
 w - 3 scrolls of identify
 x - a scroll of fear
Potions
 d - a potion of might
 f - 3 potions of curing
 h - 2 potions of heal wounds {unknown}
 j - a potion of ambrosia {unknown}
 k - a potion of mutation {unknown}
 p - a potion of flight {unknown}
 q - a potion of brilliance {unknown}
 z - 2 potions of attraction {unknown}


   Skills:
 - Level 5.0 Fighting
 * Level 8.5 Polearms
 - Level 3.2 Armour
 - Level 3.6 Shields


You had 7 spell levels left.
You didn't know any spells.
Your spell library contained the following spells:

 Spells                   Type           Power      Damage    Failure   Level
 Freeze                   Ice            0%         1d3       92%         1
 Magic Dart               Conj           0%         1d3       92%         1
 Ensorcelled Hibernation  Hex/Ice        0%         N/A       98%         2
 Slow                     Hex            0%         N/A       98%         2
 Conjure Flame            Conj/Fire      0%         6-21      100%        3
 Mephitic Cloud           Conj/Pois/Air  0%         N/A       100%        3
 Shatter                  Erth           0%         3d5*      100%        9
 Blink                    Tloc           Unusable   N/A       N/A         2
 Call Imp                 Summ           Unusable   N/A       N/A         2

Dungeon Overview and Level Annotations

Branches:
Dungeon (6/15)             Temple (0/1) D:5

Altars:
Ru
Uskayaw

Shops:
D:2 *   D:4 :


Innate Abilities, Weirdness & Mutations

You cannot be hasted, slowed, berserked, paralysed or teleported.
You can dig through walls and to a lower floor.
You have a pair of large antennae on your head. (SInv)
You are hated by all.
Your four strong arms can wield two-handed weapons with a shield.


Message History

You block the orc warrior's attack. The orc barely misses you.
The orc warrior hits you with a +0 morningstar.
You barely miss the orc warrior.
The orc priest looks satisfied for a moment.
You block the orc's attack.
The orc warrior hits you with a +0 morningstar!
The orc priest miscasts a cantrip.
You hit the orc warrior.
The orc warrior is poisoned.
The orc warrior is lightly wounded.
The orc barely misses you. You block the orc warrior's attack.
The orc priest calls upon Beogh to heal the orc warrior.
The orc warrior is healed somewhat.
You block the orc's attack.
You closely miss the orc warrior.
The orc warrior is lightly wounded.
The orc warrior hits you with a +0 morningstar!
The orc priest mumbles some strange prayers to Beogh against you.
Beogh smites you!
* * * LOW HITPOINT WARNING * * *
You block the orc's attack.
You are too injured to fight recklessly!
You are too injured to fight recklessly!
You are too injured to fight recklessly!
You are too injured to fight recklessly!
You are too injured to fight recklessly!
You are too injured to fight recklessly!
You are too injured to fight recklessly!
You are too injured to fight recklessly!
You are too injured to fight recklessly!
You are too injured to fight recklessly!
You are too injured to fight recklessly!
You are too injured to fight recklessly!
You block the orc's attack.
There is an open door here.
The orc priest looks encouraged for a moment.
The orc priest looks encouraged for a moment.
A centaur comes into view.
The centaur shouts!
The centaur wields a +1 shortbow of freezing.
It is covered in frost.
The centaur shoots an arrow.
The arrow hits you!
You die...

+o)).....+ #)....(..#
##'###+#.. #.o....#
#......# . #..o...#
#.###o...# #
####.###.†..## #
.......@.....+ #
.............# #
c............# +
.............# # .
.............# #
..#########.#####
###...........###.##..####
..#...........#..........#
..#...........#..........#


You could see an orc warrior (very poisoned), a centaur and an orc.

Vanquished Creatures
  A hornet zombie (D:4)
  A centaur (D:5)
  2 phantoms
  2 scorpions
  A water moccasin skeleton (D:5)
  A bullfrog zombie (D:3)
  2 hounds
  A jelly (D:6)
  An orc priest (D:5)
  2 orc wizards
  2 centaur skeletons
  An iguana (D:5)
  7 adders
  2 ufetubi (D:5)
  2 worms (D:3)
  2 dart slugs
  10 orcs
  6 bats
  8 endoplasms
  3 giant cockroaches
  5 hobgoblins
  2 jackals (D:2)
  5 kobolds
  5 quokkas
  4 ball pythons
  5 frilled lizards
  8 goblins
  2 rats (D:1)
93 creatures vanquished.

Vanquished Creatures (others)
  A jackal (D:2)
1 creature vanquished.

Grand Total: 94 creatures vanquished

Notes
Turn   | Place    | Note
-------+----------+-------------------------------------------
     0 | D:1      | Delamore the Formicid Fighter began the quest for the Orb.
     0 | D:1      | Reached XP level 1. HP: 18/18 MP: 1/1
    48 | D:1      | Identified a scroll of acquirement
    48 | D:1      | Acquired a +4 halberd of venom
   193 | D:1      | Reached XP level 2. HP: 24/24 MP: 2/2
   686 | D:1      | Found a faded altar of an unknown god.
   694 | D:1      | Became a worshipper of Ru the Awakened
   719 | D:1      | Gained mutation: You are hated by all. [Ru sacrifice]
   719 | D:1      | Reached * piety under Ru
   719 | D:1      | Reached ** piety under Ru
   963 | D:2      | Found Eroubolu's General Store.
   985 | D:2      | Reached XP level 3. HP: 30/30 MP: 3/3
  1023 | D:2      | Reached skill level 3 in Polearms
  1791 | D:3      | Reached XP level 4. HP: 37/37 MP: 4/4
  1931 | D:3      | Reached skill level 4 in Polearms
  1931 | D:3      | Reached XP level 5. HP: 30/42 MP: 5/5
  2277 | D:3      | Identified the Reference Book on the Dusty Snowflakes
  2735 | D:4      | Reached skill level 5 in Polearms
  2735 | D:4      | Reached XP level 6. HP: 33/50 MP: 6/6
  2862 | D:4      | Reached skill level 5 in Fighting
  3037 | D:4      | Found a hide-covered altar of Uskayaw.
  3280 | D:4      | Found Odofeth's Book Shoppe.
  3502 | D:5      | Entered Level 5 of the Dungeon
  3624 | D:5      | Reached skill level 6 in Polearms
  3624 | D:5      | Reached XP level 7. HP: 56/56 MP: 7/7
  3657 | D:5      | Found a staircase to the Ecumenical Temple.
  4121 | D:5      | Reached skill level 7 in Polearms
  4722 | D:5      | Reached XP level 8. HP: 40/62 MP: 8/8
  5148 | D:6      | Reached skill level 8 in Polearms
  5279 | D:6      | Shot with an arrow by a centaur

Illustrated notes

Levels and vault maps discovered:
D:1:      tarquinn_simple_flora_water_b, layout_basic,
          hellmonk_ecumenical_altar_lost_god
D:2:      layout_loops_cross, serial_aquarium, aquarium_bridge_straight
          [aquarium_subvault_bridge, aquarium_subvault_window,
          aquarium_subvault_bridge, aquarium_subvault_window],
          aquarium_bridge_straight [aquarium_subvault_bridge,
          aquarium_subvault_wall, aquarium_subvault_bridge,
          aquarium_subvault_wall], aquarium_window_fake, aquarium_window_corner,
          aquarium_view_2f, serial_shops, shop
D:3:      layout_loops_ring, minmay_misc_feat_more_columns
D:4:      layout_cave_pools, nicolae_overflow_hidden_temple, serial_shops,
          nicolae_shop_crystal
D:5:      layout_basic, minmay_temple_entry_ruins, minmay_strange_pillars
D:6:      layout_gridville, uniq_eustachio

Skill      XL: |  1  2  3  4  5  6  7  8 |
---------------+-------------------------+-----
Polearms       | 3 4 5 6 7 8 |  8.5
Fighting       | 4 5 |  5.0
Armour         | |  3.2
Shields        | |  3.6

Action                   |  1- 3 |  4- 6 |  7- 9 || total
-------------------------+-------+-------+-------++-------
Melee: Trident           |    10 |       |       ||    10
       Halberd           |    64 |   123 |    80 ||   267
Throw: Dart              |       |       |     3 ||     3
       Javelin           |       |       |     2 ||     2
Invok: Sacrifice Love    |     1 |       |       ||     1
       Reject Sacrifices |       |     1 |       ||     1
 Abil: Dig               |       |     1 |       ||     1
  Use: Scroll            |     4 |     2 |     3 ||     9
Armor: Scale mail        |    22 |    40 |    32 ||    94
Dodge: Dodged            |    12 |    39 |    35 ||    86
Block: Kite shield       |    29 |    60 |    62 ||   151

Table legend: (Time is in decaauts)
 A = Elapsed time spent in this place.
 B = Non-inter-level travel time spent in this place.
 C = Inter-level travel time spent in this place.
 D = Time resting spent in this place.
 E = Time spent auto-exploring this place.
 F = Levels seen in this place.
 G = Mean time per level.
                   A        B        C        D        E       F      G
               +--------+--------+--------+--------+--------+-----+--------+
         Total |   5394 |   5299 |     95 |    285 |   4310 |   6 |  899.0 |
       Dungeon |   5394 |   5299 |     95 |    285 |   4310 |   6 |  899.0 |
               +--------+--------+--------+--------+--------+-----+--------+

Top non-repeatable levels by time:
     D:5: 1557 daAuts
     D:1: 981 daAuts
     D:3: 964 daAuts
     D:2: 835 daAuts
     D:4: 805 daAuts
     D:6: 250 daAuts
